 Dungeon Crawl Stone Soup version 0.30-a0-723-gc1506a1cf0 (webtiles) character file.

Game seed: 5140970150067959649

58652 timneilson the Protected (level 14, -22/87 HPs)
             Began as a Gargoyle Fighter on Jan 28, 2023.
             Was the Champion of Okawaru.
             Annihilated by a white ugly thing (39 damage)
             ... on level 5 of the Lair of Beasts on Jan 29, 2023.
             The game lasted 00:44:20 (16052 turns).

timneilson the Protected (Gargoyle Fighter)        Turns: 16052, Time: 00:44:21

Health: -22/87     AC: 40    Str: 30    XL:     14   Next: 91%
Magic:  18/18      EV: 10    Int: 10    God:    Okawaru [******]
Gold:   1036       SH: 17    Dex:  5    Spells: 13/13 levels left

rFire   . . .      SeeInvis +    q - +8 demon blade "Leech" {evervamp, Harm Drain rN+}
rCold   . . .      Faith    .    i - +1 kite shield
rNeg    + + .      Spirit   .    O - +9 scale mail of Okawaru's Inspiration {Will+}
rPois   ∞          Reflect  +    R - +0 helmet {SInv}
rElec   +          Harm     +    E - +2 cloak
rCorr   +          Rampage  .    P - +1 pair of gloves
Will    ++...                    Q - +2 pair of boots of the Black Moon {+Blink Regen+ rCorr Dex-4} Stlth
                                 w - amulet of reflection
HPRegen 1.14/turn                y - ring of resist corrosion
MPRegen 0.16/turn                o - +6 ring of strength

@: flying
A: sickness immunity, AC +10, big wings, negative energy resistance 1,
electricity resistance, torment resistance 1, petrification resistance
a: Renounce Religion, Evoke Blink, Heroism, Finesse, Duel


You were on level 5 of the Lair of Beasts.
You worshipped Okawaru.
Okawaru was exalted by your worship.
You visited 2 branches of the dungeon, and saw 18 of its levels.
You also visited: Sewer and Gauntlet.

You collected 1336 gold pieces.
You spent 300 gold pieces at shops.

Inventory:

Hand Weapons
 a - a +0 long sword
 e - a +2 long sword of holy wrath
 q - the +8 demon blade "Leech" (weapon) {evervamp, Harm Drain rN+}
   (You acquired it on level 4 of the Dungeon)

   rN:        It protects you from negative energy.
   Drain:     It drains your maximum health when unequipped.
   Harm:      It increases damage dealt and taken.
Missiles
 S - 4 silver javelins (quivered)
Armour
 i - a +1 kite shield (worn)
 E - a +2 cloak (worn)
 H - the +0 plate armour "Vituir Wuog" {Rampage rN+ Int+3}
   (You took it off a minotaur in a Gauntlet)

   Int:       It affects your intelligence (+3).
   rN:        It protects you from negative energy.
   Rampage:   It bestows one free step when moving towards enemies.
 O - the +9 scale mail of Okawaru's Inspiration (worn) {Will+}
   (Okawaru gifted it to you on level 2 of the Lair of Beasts)

   Will:      It increases your willpower.
 P - a +1 pair of gloves (worn)
 Q - the +2 pair of boots of the Black Moon (worn) {+Blink Regen+ rCorr Dex-4}
   (You found it in a Gauntlet)

   Dex:       It affects your dexterity (-4).
   +Blink:    It lets you blink.
   Regen:     It increases your rate of health regeneration.
   rCorr:     It protects you from acid and corrosion.
 R - a +0 helmet of see invisible (worn)
Jewellery
 c - a ring of ice
 o - a +6 ring of strength (right hand)
 w - an amulet of reflection (around neck)
 y - a ring of resist corrosion (left hand)
 C - a ring of protection from cold
 K - a ring of fire
 V - a ring of willpower
Wands
 k - a wand of polymorph (22)
 s - a wand of flame (11)
 u - a wand of paralysis (5)
 v - a wand of quicksilver (8)
 F - a wand of digging (18)
 I - a wand of iceblast (5)
Scrolls
 b - 5 scrolls of identify
 d - 2 scrolls of enchant weapon
 h - 5 scrolls of fear
 p - 3 scrolls of blinking
 z - 4 scrolls of noise
 A - a scroll of acquirement
 B - 2 scrolls of amnesia
 D - 8 scrolls of teleportation
 J - a scroll of silence
 N - a scroll of brand weapon
 T - 2 scrolls of poison
 U - a scroll of fog
 X - a scroll of magic mapping
Potions
 f - 2 potions of might
 g - 4 potions of curing
 j - 2 potions of ambrosia
 l - 2 potions of resistance
 m - 5 potions of haste
 n - 3 potions of mutation
 r - 2 potions of lignification
 t - 2 potions of attraction
 x - 3 potions of brilliance
 G - 2 potions of flight
 L - a potion of berserk rage
 M - 3 potions of cancellation
 W - a potion of heal wounds


   Skills:
 + Level 9.9 Fighting
 * Level 11.3 Long Blades
 * Level 13.5 Armour
 + Level 7.1 Dodging
 * Level 13.5 Shields
 + Level 6.6 Invocations
 + Level 7.6 Evocations


You had 13 spell levels left.
You didn't know any spells.
Your spell library contained the following spells:

 Spells                   Type           Power      Damage    Failure   Level
 Apportation              Tloc           0%         N/A       77%         1
 Kiss of Death            Conj/Necr      0%         2d5       77%         1
 Magic Dart               Conj           0%         1d3       77%         1
 Necrotise                Necr           0%         1d4       77%         1
 Blink                    Tloc           0%         N/A       88%         2
 Confusing Touch          Hex            0%         N/A       98%         3
 Mephitic Cloud           Conj/Pois/Air  0%         N/A       98%         3
 Portal Projectile        Hex/Tloc       0%         N/A       98%         3
 Dispel Undead            Necr           0%         3d6       100%        4
 Manifold Assault         Tloc           0%         N/A       100%        4
 Olgreb's Toxic Radiance  Pois           0%         N/A       100%        4
 Blade Hands              Tmut           0%         N/A       100%        5
 Freezing Cloud           Conj/Ice/Air   0%         6-21      100%        5
 Eringya's Noxious Bog    Tmut/Pois      0%         N/A       100%        6
 Ozocubu's Refrigeration  Ice            0%         4d7       100%        7
 Storm Form               Tmut/Air       0%         N/A       100%        7
 Ignition                 Fire           0%         3d3       100%        8
 Polar Vortex             Ice            0%         N/A       100%        9
 Summon Small Mammal      Summ           Unusable   N/A       N/A         1
 Call Imp                 Summ           Unusable   N/A       N/A         2
 Tukima's Dance           Hex            Unusable   N/A       N/A         3
 Summon Forest            Summ/Tloc      Unusable   N/A       N/A         5
 Simulacrum               Ice/Necr       Unusable   N/A       N/A         6
 Summon Hydra             Summ           Unusable   N/A       N/A         7

Dungeon Overview and Level Annotations

Branches:
Dungeon (13/15)            Temple (0/1) D:6            Lair (5/5) D:10
 Shoals (0/4) Lair:3       Spider (0/4) Lair:3        Slime (0/5) Lair:4
    Orc (0/2) D:11          Sewer (visited)         Gauntlet (visited)
 Vaults: D:13-14

Altars:
Ashenzari
Cheibriados
Dithmenos
Elyvilon
Okawaru
Qazlal
Trog
Uskayaw
Yredelemnul
Zin
The Shining One

Shops:
D:5 =

Annotations:
D:9 2 transporters, Hamu's ghost, journeyman NaFE
Lair:1 1 runed translucent door


Innate Abilities, Weirdness & Mutations

You are immune to sickness and miasma.
Your stone body is resilient. (AC +10)
You are immune to poison.
Your large and strong wings let you fly.
You resist negative energy. (rN+)
You are resistant to electric shocks. (rElec)
You are resistant to unholy torment.
You are immune to petrification.


Message History

The thrashing horror tramples you but does no damage.
You slash the thrashing horror!
You destroy the thrashing horror!
Okawaru accepts your kill.
You block the thrashing horror's attack. x2
The white ugly thing kicks you but does no damage.
The white ugly thing barely misses you.
You slash the white ugly thing!
You feel better.
The white ugly thing is lightly wounded.
The thrashing horror misses you.
The thrashing horror tramples you but does no damage.
You hit the white ugly thing.
You feel better.
The white ugly thing is lightly wounded.
You feel like a meek peon again.
You block the thrashing horror's attack. x2
The white ugly thing barely misses you. x2
You closely miss the white ugly thing.
The white ugly thing is lightly wounded.
You block the thrashing horror's attack.
The thrashing horror tramples you but does no damage.
The white ugly thing kicks you! The white ugly thing freezes you!!
* * * LOW HITPOINT WARNING * * *
The white ugly thing stings you but does no damage.
You barely miss the thrashing horror.
The thrashing horror is moderately damaged.
You block the thrashing horror's attack. x2
The white ugly thing kicks you but does no damage.
The white ugly thing basks in the mutagenic energy from its kin and changes!
You hit the thrashing horror.
The thrashing horror is moderately damaged.
You block the thrashing horror's attack. x2
The white ugly thing kicks you but does no damage.
You slash the thrashing horror!
The thrashing horror is severely damaged.
The thrashing horror churns violently!
The thrashing horror seems to grow stronger.
The white ugly thing kicks you.
* * * LOW HITPOINT WARNING * * *
The white ugly thing freezes you!!
You die...

.............####...#.[..#.######
..........................## ##.
..^.................♣♣♣..........
...................♣♣ ♣♣♣♣♣......
.................♣♣♣ ♣♣♣♣♣ ...♣♣♣
................♣♣♣♣♣....♣ ♣♣♣ ♣
.............♣♣♣♣ ♣.....♣♣♣ ♣♣
......<......♣♣♣♣♣♣..♣..... ♣.
............♣♣♣X@.......÷.÷ ♣♣
...........♣♣♣♣.uu♣♣...♣♣♣.
...........♣ ♣..♣♣♣ ♣♣♣♣
...........♣ ♣♣..♣
...........♣♣♣..♣♣
...........♣♣..♣♣ ♣♣♣
..........♣♣♣..♣♣♣♣♣♣♣.♣♣♣♣ ♣♣
...........♣♣♣...♣♣.♣.....♣♣ ♣♣♣.
.##.....♣♣♣♣ ♣♣...†...♣♣...♣♣....


You could see 2 ugly things and a thrashing horror (strong).

Vanquished Creatures
  A minotaur (Gauntlet)
  2 hydras (Lair:2)
  A catoblepas (Lair:3)
  A tengu warrior (Gauntlet)
  5 two-headed ogres
  7 death yaks
  A hell hog (Gauntlet)
  3 thrashing horrors (Lair:5)
  Sonja (Lair:3)
  A soul eater (Gauntlet)
  A deep elf pyromancer (D:12)
  An ugly thing (D:12)
  2 cyclopes (D:11)
  3 oklob plants (Lair:4)
  A manticore (Lair:4)
  10 black mambas
  6 elephants
  A gargoyle (D:12)
  9 cane toads
  2 smoke demons (Lair:5)
  An unseen horror (D:11)
  A torpor snail (Lair:4)
  4 rime drakes
  11 komodo dragons
  2 ancient zymes (Lair:5)
  3 trolls
  A tengu conjurer (Gauntlet)
  3 polar bears
  Grinder (D:3)
  A merfolk (Lair:3)
  15 blink frogs
  A hornet (shapeshifter) (Lair:5)
  A hornet (D:9)
  13 dream sheep
  A vampire (D:11)
  A shadow (D:11)
  A spriggan (Lair:5)
  Sigmund (D:5)
  51 yaks
  4 fire bats (Gauntlet)
  A ynoxinul (Lair:5)
  8 wyverns
  6 basilisks
  2 chaos spawn (Lair:5)
  2 vampire mosquitoes (D:12)
  4 steam dragons
  2 wargs (D:10)
  12 water moccasins
  A large abomination (Lair:5)
  A hell hound (Gauntlet)
  Pargi (Sewer)
  A black bear (Lair:4)
  An ice beast (D:5)
  11 small abominations (Lair:5)
  8 orc warriors
  2 ogres (D:5)
  9 wolves
  15 centaurs
  2 phantoms (D:6)
  4 kobold brigands
  2 gnoll sergeants
  7 bullfrogs
  2 scorpions
  A necrophage (D:7)
  29 wights
  11 electric eels
  5 howler monkeys
  A bullfrog zombie (D:4)
  4 jellies (D:6)
  2 hounds
  11 orc priests
  Crazy Yiuf (D:2)
  Terence (D:2)
  Jessica (D:3)
  An iguana (D:5)
  10 orc wizards
  Robin (D:2)
  A howler monkey zombie (D:4)
  12 gnolls
  5 adders
  2 river rats (D:4)
  4 shadow imps
  A white imp (D:6)
  An ufetubus (D:4)
  2 worms
  A dart slug (D:4)
  32 orcs
  5 ball pythons
  2 bats
  5 endoplasms
  3 giant cockroaches
  14 goblins
  11 hobgoblins
  9 jackals
  2 quokkas
  2 frilled lizards
  28 kobolds
  6 rats
507 creatures vanquished.

Vanquished Creatures (others)
  2 orc wizards (D:11)
  A gnoll (D:12)
  An orc (D:5)
  19 fungi
  22 plants
  9 toadstools (Lair:1)
54 creatures vanquished.

Grand Total: 561 creatures vanquished

Notes
Turn   | Place    | Note
-------+----------+-------------------------------------------
     0 | D:1      | timneilson the Gargoyle Fighter began the quest for the
                  | Orb.
     0 | D:1      | Reached XP level 1. HP: 14/14 MP: 1/1
   122 | D:1      | Reached XP level 2. HP: 19/19 MP: 2/2
   459 | D:2      | Noticed Terence
   484 | D:2      | Killed Terence
   485 | D:2      | Reached XP level 3. HP: 22/23 MP: 3/3
   548 | D:2      | Noticed Robin
   580 | D:2      | Reached XP level 4. HP: 13/28 MP: 4/4
   586 | D:2      | Killed Robin
   795 | D:2      | Found a runed translucent door.
   796 | D:2      | Noticed Crazy Yiuf
   959 | D:2      | Killed Crazy Yiuf
  1089 | D:3      | Reached XP level 5. HP: 20/33 MP: 5/5
  1259 | D:3      | Reached skill level 1 in Dodging
  1473 | D:3      | Found a faded altar of an unknown god.
  1496 | D:3      | Noticed Grinder
  1501 | D:3      | Paralysed by Grinder for 5 turns
  1522 | D:3      | Paralysed by Grinder for 2 turns
  1530 | D:3      | Killed Grinder
  1531 | D:3      | Reached XP level 6. HP: 38/38 MP: 6/6
  1621 | D:3      | Reached skill level 1 in Evocations
  1702 | D:3      | Noticed Jessica
  1707 | D:3      | Killed Jessica
  2003 | D:4      | Found a glowing drain.
  2015 | D:4      | Reached skill level 5 in Armour
  2015 | D:4      | Reached XP level 7. HP: 23/43 MP: 7/7
  2033 | Sewer    | Entered a sewer
  2167 | Sewer    | Noticed Pargi
  2200 | Sewer    | Killed Pargi
  2201 | Sewer    | Reached skill level 5 in Shields
  2596 | D:4      | Found a basalt altar of Yredelemnul.
  2885 | D:4      | Found a snail-covered altar of Cheibriados.
  3181 | D:4      | Identified a scroll of acquirement
  3181 | D:4      | Acquired the +8 demon blade "Leech" {evervamp, Harm Drain
                  | rN+}
  3181 | D:4      | Found the +8 demon blade "Leech" {evervamp, Harm Drain rN+}
  3217 | D:5      | Entered Level 5 of the Dungeon
  3307 | D:5      | Found a glowing golden altar of the Shining One.
  3337 | D:5      | Noticed Sigmund
  3350 | D:5      | Killed Sigmund
  3351 | D:5      | Reached XP level 8. HP: 44/48 MP: 8/8
  3445 | D:5      | Found an iron altar of Okawaru.
  3453 | D:5      | Became a worshipper of Warmaster Okawaru
  3534 | D:5      | Found Qedyil's Jewellery Boutique.
  3538 | D:5      | Bought an amulet of reflection for 300 gold pieces
  4153 | D:6      | Reached skill level 5 in Fighting
  4168 | D:6      | Found a hide-covered altar of Uskayaw.
  4168 | D:6      | Found a bloodstained altar of Trog.
  4194 | D:6      | Reached skill level 5 in Long Blades
  4259 | D:6      | Reached XP level 9. HP: 54/54 MP: 9/9
  4365 | D:6      | Found a staircase to the Ecumenical Temple.
  4483 | D:6      | Reached * piety under Okawaru
  4906 | D:6      | Found a glowing silver altar of Zin.
  5080 | D:6      | Found a broken altar of Ashenzari.
  5461 | D:7      | Reached ** piety under Okawaru
  5633 | D:7      | Found a stormy altar of Qazlal.
  5926 | D:8      | Reached XP level 10. HP: 60/60 MP: 10/10
  5989 | D:8      | Noticed a two-headed ogre
  6000 | D:8      | Killed a two-headed ogre
  6320 | D:8      | Reached *** piety under Okawaru
  6853 | D:9      | Noticed Hamu's ghost (journeyman NaFE)
  6904 | D:9      | Reached **** piety under Okawaru
  7111 | D:9      | Found the +7 staff of the Meek {protect, meekguard}
  7128 | D:9      | Found a transporter.
  7132 | D:9      | Found a transporter.
  7322 | D:9      | Reached XP level 11. HP: 66/66 MP: 11/11
  7336 | D:9      | Reached ***** piety under Okawaru
  7422 | D:9      | Found a shadowy altar of Dithmenos.
  7639 | D:10     | Entered Level 10 of the Dungeon
  7784 | D:10     | Found a white marble altar of Elyvilon.
  7995 | D:10     | Found a staircase to the Lair.
  8104 | D:10     | Reached skill level 5 in Evocations
  8532 | D:11     | Reached skill level 10 in Armour
  8603 | D:11     | Reached skill level 10 in Shields
  8613 | D:11     | Found a staircase to the Orcish Mines.
  8702 | D:11     | Noticed a two-headed ogre
  8715 | D:11     | Killed a two-headed ogre
  8715 | D:11     | Reached ****** piety under Okawaru
  8715 | D:11     | Received a gift from Okawaru
  8716 | D:11     | Reached skill level 5 in Dodging
  8716 | D:11     | Reached skill level 1 in Invocations
  8746 | D:11     | Noticed a cyclops
  8754 | D:11     | Killed a cyclops
  8987 | D:11     | Noticed a two-headed ogre
  8996 | D:11     | Killed a two-headed ogre
  9045 | D:11     | Noticed a two-headed ogre
  9052 | D:11     | Killed a two-headed ogre
  9053 | D:11     | Reached XP level 12. HP: 66/72 MP: 13/13
  9418 | D:12     | Noticed a two-headed ogre
  9429 | D:12     | Killed a two-headed ogre
  9451 | D:12     | Received a gift from Okawaru
 10213 | Lair:1   | Entered Level 1 of the Lair of Beasts
 10427 | Lair:1   | Received a gift from Okawaru
 10733 | Lair:1   | Identified the +5 quarterstaff of Rohaclix {heavy, rC+
                  | Int+3 Stlth+}
 11098 | Lair:1   | Noticed a catoblepas
 11098 | Lair:1   | Noticed a dire elephant
 11118 | Lair:1   | Found a runed translucent door.
 11652 | Lair:1   | Reached XP level 13. HP: 79/79 MP: 15/15
 11979 | Lair:2   | Identified the +9 scale mail of Okawaru's Inspiration
                  | {Will+} (Okawaru gifted it to you on level 2 of the Lair of
                  | Beasts)
 11979 | Lair:2   | Received a gift from Okawaru
 12268 | Lair:3   | Found a gate leading to a gauntlet.
 12332 | Gauntlet | Entered a Gauntlet
 12332 | Gauntlet | Found a transporter.
 12332 | Gauntlet | Found a transporter.
 12334 | Gauntlet | Found a transporter.
 12335 | Gauntlet | Found a transporter.
 12350 | Gauntlet | Found a transporter.
 12358 | Gauntlet | Found a transporter.
 12362 | Gauntlet | Found a transporter.
 12368 | Gauntlet | Found a runed translucent gate.
 12370 | Gauntlet | Found a transporter.
 12371 | Gauntlet | Found a runed translucent gate.
 12372 | Gauntlet | Found a runed translucent gate.
 12387 | Gauntlet | Found a transporter.
 12401 | Gauntlet | Found a transporter.
 12405 | Gauntlet | Found a transporter.
 12413 | Gauntlet | Found a transporter.
 12653 | Gauntlet | Identified the +2 pair of boots of the Black Moon {+Blink
                  | Regen+ rCorr Dex-4}
 12703 | Gauntlet | Reached skill level 10 in Long Blades
 12808 | Gauntlet | Identified the +0 plate armour "Vituir Wuog" {Rampage rN+
                  | Int+3}
 12808 | Gauntlet | Noticed a minotaur
 12832 | Gauntlet | HP: 3/80 [minotaur (26)]
 12836 | Gauntlet | Killed a minotaur
 12841 | Gauntlet | Identified the amulet of Cuen {RegenMP rPois}
 12961 | Lair:3   | Reached skill level 5 in Invocations
 13037 | Lair:3   | Noticed Sonja
 13039 | Lair:3   | Killed Sonja
 13225 | Lair:3   | Received a gift from Okawaru
 13225 | Lair:3   | Found the +2 hood of the Assassin {Detect Stab+ Stlth++}
 13262 | Lair:3   | Found a hole to the Spider Nest.
 13473 | Lair:3   | Found a staircase to the Shoals.
 13613 | Lair:4   | Gained mutation: Your large and strong wings let you fly.
                  | [Gargoyle growth]
 13613 | Lair:4   | Reached XP level 14. HP: 86/86 MP: 18/18
 14422 | Lair:4   | Found a staircase to the Slime Pits.
 15093 | Lair:5   | Entered Level 5 of the Lair of Beasts
 15146 | Lair:5   | Found a stormy altar of Qazlal.
 15187 | Lair:5   | Identified the +9 great sword "Hulk" {pain, rN+ MP+9}
 15325 | Lair:5   | Identified the +0 helmet "Ytewesh" {Harm rF+} (Okawaru
                  | gifted it to you on level 5 of the Lair of Beasts)
 15325 | Lair:5   | Received a gift from Okawaru
 15979 | Lair:5   | Identified the +2 robe "Jatziqou" {Will+}
 16052 | Lair:5   | Annihilated by a white ugly thing

Illustrated notes

Levels and vault maps discovered:
D:1:      dpeg_arrival_tiny_c, layout_rooms
D:2:      layout_rooms, uniq_crazy_yiuf_cottage, uniq_terence, uniq_robin
D:3:      layout_basic, basic_ecumenical_altar, minmay_diced_spiral,
          uniq_jessica, uniq_grinder
D:4:      layout_loops_corners, slow_altar_1, lemuel_zombie_altar_yredelemnul,
          cheibrodos_sewer_entry_sluice
D:5:      layout_basic, okawaru_metal_pillars_1_2, kennysheep_little_box,
          serial_shops, shop, kennysheep_nub, uniq_sigmund
D:6:      cheibrodos_two_vegetables, layout_basic, cheibrodos_ashenzari_chains,
          zin_treasury, grunt_temple_overflow_open,
          minmay_temple_entry_mini_moons, nicolae_water_bricks,
          kennysheep_cross_room, kennysheep_generic_room_3
D:7:      layout_loops_ring, nicolae_qazlal_eye_of_the_storm
D:8:      layout_basic, chequers_avenue
D:9:      layout_loops_ring, mainiacjoe_overflow_boulevard, gammafunk_ghost_hive
D:10:     layout_loops_ring, mainiacjoe_overflow_tiny_flanked,
          erik_lair_orcish_takeover
D:11:     layout_irregular_city, david_orc_4
D:12:     layout_gridville
D:13:     layout_rooms, skrybe_vaults_entry_preservation, minmay_misc_feat_five,
          uniq_azrael, uniq_maurice, uniq_rupert
Lair:1:   gammafunk_lair_enchanted_lake, layout_layer_cave
Lair:2:   layout_gridlike, eino_small_chamber_without_monster,
          grunt_megastairs_5
Lair:3:   layout_long_grid, elwin_shoals_entry_rooms,
          spider_nest_entry_web_field, gauntlet_entry_generic, uniq_sonja
Lair:4:   layout_layer_cave, minmay_slime_entry_oklob_enclosed, st_stairs_7,
          pdpol_lair_cavern_descent
Lair:5:   hellmonk_lair_end_abyssal_woods, layout_regular_city, basic_altar,
          infiniplex_staircase_pool_2

Skill      XL: |  1  2  3  4  5  6  7  8  9 10 11 12 13 14 |
---------------+-------------------------------------------+-----
Long Blades    | 2 3 4 5 6 7 8 9 10 11 | 11.3
Armour         | 4 5 6 7 9 10 11 12 13 | 13.5
Shields        | 4 5 6 7 9 10 11 12 13 | 13.5
Dodging        | 1 2 3 4 5 6 7 |  7.1
Fighting       | 4 5 6 7 8 9 |  9.9
Evocations     | 1 2 3 4 5 6 7 |  7.6
Invocations    | 1 3 5 6 |  6.6

Action                     |  1- 3 |  4- 6 |  7- 9 | 10-12 | 13-15 || total
---------------------------+-------+-------+-------+-------+-------++-------
  Melee: Long sword        |    75 |   132 |    91 |       |       ||   298
         Demon blade       |       |       |   198 |   749 |   982 ||  1929
 Invoke: Heroism           |       |       |       |     1 |     4 ||     5
  Evoke: Wand              |       |       |     6 |       |     5 ||    11
    Use: Scroll            |     5 |     4 |    13 |     4 |     4 ||    30
         Potion            |     5 |       |     2 |     3 |     2 ||    12
   Stab: Petrified         |       |       |       |       |     5 ||     5
         Invisible         |       |       |       |       |     2 ||     2
 Armour: Scale mail        |    35 |       |       |       |   542 ||   577
         Chain mail        |    17 |   109 |   197 |   173 |       ||   496
         Plate armour      |       |       |       |   282 |    51 ||   333
  Dodge: Dodged            |    55 |    60 |   117 |   199 |   340 ||   771
  Block: Buckler           |    22 |    29 |   104 |    22 |       ||   177
         Reflection        |       |       |     5 |    28 |     2 ||    35
         Kite shield       |       |       |       |   644 |  1008 ||  1652

Table legend: (Time is in decaauts)
 A = Elapsed time spent in this place.
 B = Non-inter-level travel time spent in this place.
 C = Inter-level travel time spent in this place.
 D = Time resting spent in this place.
 E = Time spent auto-exploring this place.
 F = Levels seen in this place.
 G = Mean time per level.
                   A        B        C        D        E       F      G
               +--------+--------+--------+--------+--------+-----+--------+
         Total |  16120 |  15458 |    662 |    287 |  10358 |  20 |  806.0 |
       Dungeon |  10052 |   9495 |    557 |    262 |   6537 |  13 |  773.2 |
          Lair |   5247 |   5143 |    104 |     25 |   3490 |   5 | 1049.4 |
         Sewer |    311 |    311 |      0 |      0 |    246 |   1 |  311.0 |
      Gauntlet |    509 |    509 |      0 |      0 |     85 |   1 |  509.0 |
               +--------+--------+--------+--------+--------+-----+--------+

Top non-repeatable levels by time:
  Lair:4: 1528 daAuts
  Lair:1: 1397 daAuts
     D:6: 1116 daAuts
     D:4: 980 daAuts
     D:5: 953 daAuts
     D:8: 936 daAuts
    D:11: 934 daAuts
     D:3: 918 daAuts
     D:9: 896 daAuts
  Lair:5: 866 daAuts
    D:10: 844 daAuts
  Lair:3: 765 daAuts
    D:12: 722 daAuts
     D:2: 712 daAuts
  Lair:2: 689 daAuts
